 Dungeon Crawl Stone Soup version 0.28-a0-1389-gc726bef33b (webtiles) character file.

Game seed: 204106031479735539

23 Lekart the Skirmisher (level 2, -1/27 HPs)
             Began as a Draconian Fighter on Jan 3, 2022.
             Was an Initiate of Ashenzari.
             Frozen to death by an endoplasm (4 damage)
             ... on level 1 of the Dungeon.
             The game lasted 00:00:37 (414 turns).

Lekart the Skirmisher (Draconian Fighter)            Turns: 414, Time: 00:00:38

Health: -1/27      AC:  4    Str: 18    XL:     2   Next: 75%
Magic:  2/2        EV: 12    Int:  8    God:    Ashenzari [......]
Gold:   7          SH:  4    Dex: 10    Spells: 1/1 levels left

rFire   . . .      SeeInvis .   a - +0 war axe
rCold   . . .      Faith    .   b - +0 buckler
rNeg    . . .      Spirit   .   (armour unavailable)
rPois   .          Reflect  .   (helmet restricted)
rElec   .          Harm     .   (no cloak)
rCorr   .          Rampage  .   (no gloves)
Will    .....                   (no boots)
Stlth   +.........              (no amulet)
HPRegen 0.09/turn               (no ring)
MPRegen 0.08/turn               (no ring)

@: no status effects
A: AC +4, unfitting armour, cold-blooded
a: Renounce Religion, Curse Item


You were on level 1 of the Dungeon.
You worshipped Ashenzari.
Ashenzari was noncommittal.
You visited 1 branch of the dungeon, and saw 1 of its levels.

You collected 7 gold pieces.

Inventory:

Hand Weapons
 a - a +0 war axe (weapon)
Armour
 b - a +0 buckler (worn)
Scrolls
 d - a scroll of teleportation {unknown}
 e - a scroll of amnesia {unknown}
Potions
 c - a potion of might


   Skills:
 + Level 3.7 Fighting
 + Level 2.3 Axes
 + Level 2.9 Dodging
 + Level 3.2 Shields


You had one spell level left.
You didn't know any spells.
Your spell library contained the following spells:

 Spells                   Type           Power      Damage    Failure   Level
 Fireball                 Conj/Fire      0%         3d3       100%        5
 Starburst                Conj/Fire      0%         6d3       100%        6
 Ignition                 Fire           0%         3d3       100%        8


Dungeon Overview and Level Annotations

Branches:
Dungeon (1/15)

Altars:
Ashenzari


Innate Abilities, Weirdness & Mutations

Your plain brown scales are hard. (AC +4)
You cannot fit into any form of body armour.
You are cold-blooded and may be slowed by cold attacks.


Message History

The endoplasm hits you.
You hit the endoplasm but do no damage.
The endoplasm is lightly wounded.
You hit the jackal. The jackal barely misses you. x2
You block the endoplasm's attack. The jackal closely misses you.
The endoplasm freezes you.
You are frozen.
You slash the jackal!
You kill the jackal!
You hit the endoplasm.
You feel yourself speed up. The jackal misses you. The endoplasm freezes you.
You are frozen.
You feel yourself slow down. The jackal bites you. The endoplasm hits you.
You are too injured to fight recklessly!
You are too injured to fight recklessly!
You are too injured to fight recklessly!
You feel yourself speed up. You block the jackal's attack.
The endoplasm freezes you.
You are frozen.
* * * LOW HITPOINT WARNING * * *
You feel yourself slow down.
You hit the endoplasm but do no damage.
Your tail-slap misses the endoplasm.
The endoplasm is heavily wounded.
You hit the jackal. The jackal closely misses you. x2
The endoplasm hits you but does no damage.
The jackal bites you.
* * * LOW HITPOINT WARNING * * *
The endoplasm freezes you.
You are frozen.
* * * LOW HITPOINT WARNING * * *
The jackal bites you.
* * * LOW HITPOINT WARNING * * *
You feel yourself speed up.
The jackal bites you but does no damage.
The endoplasm freezes you.
You are frozen.
You die...

..............(..................
###......[.....).........##....♣♣
#.......#.####...#####.##......
#....##.#.# #...# #.)..P....
#....##.#.# #...# ####.♣....
#.......... #...# #♣...P.
#..>...#.##. #...# #P.....
..#.#..#.# .# #...##### #♣P.P..
#@......####...... ###
#hJ...........P.P.
#....###S.###..###.......
..........# #..##........
....####..###......#.P... .
#.......#...##....
#............#.... ##....####.#.#
#....# .# #


You could see an endoplasm, a jackal and a ball python.

Vanquished Creatures
  A giant cockroach (D:1)
  A goblin (D:1)
  A hobgoblin (D:1)
  5 jackals (D:1)
  2 quokkas (D:1)
  2 ball pythons (D:1)
  4 bats (D:1)
  2 frilled lizards (D:1)
  A kobold (D:1)
  3 rats (D:1)
22 creatures vanquished.

Notes
Turn   | Place    | Note
-------+----------+-------------------------------------------
     0 | D:1      | Lekart the Draconian Fighter began the quest for the Orb.
     0 | D:1      | Reached XP level 1. HP: 19/19 MP: 1/1
    36 | D:1      | Found a faded altar of an unknown god.
   152 | D:1      | Prayed at the altar of an unknown god.
   152 | D:1      | Became a worshipper of Ashenzari the Shackled
   156 | D:1      | Reached XP level 2. HP: 22/26 MP: 2/2
   414 | D:1      | Frozen to death by an endoplasm

Illustrated notes

Levels and vault maps discovered:
D:1:      wander_arrival_fairy_ring, layout_loops_cross,
          dreamdust_ecumenical_altar_statues

Action                   || total
-------------------------++-------
Melee: War axe           ||    48
       Tailslap          ||     4
Armor: Skin              ||    22
Dodge: Dodged            ||    47
Block: Buckler           ||    15

Table legend: (Time is in decaauts)
 A = Elapsed time spent in this place.
 B = Non-inter-level travel time spent in this place.
 C = Inter-level travel time spent in this place.
 D = Time resting spent in this place.
 E = Time spent auto-exploring this place.
 F = Levels seen in this place.
 G = Mean time per level.
                   A        B        C        D        E       F      G
               +--------+--------+--------+--------+--------+-----+--------+
         Total |    437 |    437 |      0 |      0 |    304 |   1 |  437.0 |
       Dungeon |    437 |    437 |      0 |      0 |    304 |   1 |  437.0 |
               +--------+--------+--------+--------+--------+-----+--------+

Top non-repeatable levels by time:
     D:1: 437 daAuts
